AoeStats
← JeanPhil Tasoeur

Arabia

509469079Analyzed
2v2 RM · 7d ago on Sep 26, 2026· 25m 14s· 4 players
Game mode
Random Map
Map size
Medium (4 player)
Population
200
Speed
Normal
Resources
Standard
Victory
Conquest
Starting age
Dark Age
Ending age
Imperial Age
RankedLock teamsTeams togetherTeam positionsShared explorationLock speedFull tech treeHidden civsTurbo modeCheats
Victory
Defeat
🇦🇷 Maya · Argentina
1724
+13
🇦🇷 Magyars · Argentina
1556
+20
🇫🇷 Vietnamese · France
1798
-22
🇫🇷 Varangians · France
1521
-11
Brut
0:25 Loom
9:54 Feudal Age
11:32 Fletching
15:50 Double-Bit Axe
22:53 Castle Age
21:15 Padded Archer Armor
22:03 Gold Mining
22:58 Crossbowman
23:34 Bodkin Arrow
changolango
6:27 Loom
9:19 Feudal Age
10:26 Double-Bit Axe
19:03 Bloodlines
22:33 Scale Barding Armor
25:49 Castle Age
doubleroko
6:11 Loom
9:02 Feudal Age
10:03 Double-Bit Axe
14:10 Fletching
18:50 Padded Archer Armor
22:51 Castle Age
20:52 Horse Collar
21:26 Gold Mining
23:26 Bodkin Arrow
22:52 Crossbowman
JeanPhil Tasoeur
6:23 Loom
9:08 Feudal Age
10:05 Double-Bit Axe
10:05 Horse Collar
16:45 Bloodlines
18:02 Scale Barding Armor
20:16 Town Watch
22:24 Gold Mining
26:08 Castle Age
24:43 Forging
24:58 Gold Mining
Connection lost

Rejoining the realm…

Still unreachable

The connection could not be restored.

Session expired

The server has moved on; the page needs a fresh start.